 Seeded DCSS version 0.32-a0-450-g080537f31e (webtiles) character file.

Game seed: 6965631656755398118 (custom seed)

79 CougarLife the Digger (level 4, -1/24 HPs)
             Began as a Gargoyle Earth Elementalist on Feb 23, 2024.
             Slain by a cerulean imp
             ... wielding a +0 spear
             ... summoned by Natasha
              (3 damage)
             ... on level 2 of the Dungeon.
             The game lasted 00:01:19 (1670 turns).

CougarLife the Digger (Gargoyle Earth Elementalist) Turns: 1670, Time: 00:01:19

Health: -1/24      AC:  5    Str: 11    XL:     4   Next: 38%
Magic:  5/8        EV: 11    Int: 18    God:
Gold:   98         SH:  0    Dex: 10    Spells: 7/8 levels left

rFire   . . .        e - +1 dagger (venom)
rCold   . . .        (no shield)
rNeg    + . .        a - +0 robe
rPois   ∞            (no helmet)
rElec   +            (no cloak)
rCorr   .            (no gloves)
SInv    .            (no boots)
Will    .....        (no amulet)
Stlth   ++           (no ring)
HPRegen 0.24/turn    (no ring)
MPRegen 0.11/turn

%: no passive effects
@: slowed, very slow
A: sickness immunity, AC +3, negative energy resistance 1, electricity
resistance, torment resistance 1, petrification resistance
a: no special abilities


You were on level 2 of the Dungeon.
You visited 1 branch of the dungeon, and saw 2 of its levels.

You collected 98 gold pieces.

Inventory:

Hand Weapons
 e - a +1 dagger of venom (weapon)
Armour
 a - a +0 robe (worn)
Wands
 h - a wand of roots (6)
Scrolls
 c - a scroll of acquirement {unknown}
Potions
 b - a potion of magic
 d - a potion of enlightenment {unknown}
 f - a potion of heal wounds {unknown}
 g - a potion of resistance {unknown}
 i - a potion of lignification {unknown}


   Skills:
 - Level 1.5 Dodging
 - Level 2.1 Stealth
 + Level 2.9 Spellcasting
 + Level 2.6 Conjurations
 + Level 4.5 Earth Magic


You had 7 spell levels left.
You knew the following spells:

 Your Spells              Type           Power      Damage    Failure   Level
a - Sandblast             Erth           38%        2d10      2%          1

Your spell library contained the following spells:

 Spells                   Type           Power      Damage    Failure   Level
 Passwall                 Erth           19%        N/A       8%          3
 Stone Arrow              Conj/Erth      30%        3d8       11%         3
 Momentum Strike          Conj/Tloc      14%        3d8       14%         2
 Blink                    Tloc           4%         N/A       26%         2
 Lesser Beckoning         Tloc           4%         N/A       26%         2
 Brom's Barrelling Bould  Conj/Erth      15%        2d4       36%         4
 Petrify                  Alch/Erth      10%        N/A       54%         4
 Animate Dead             Necr           2%         N/A       86%         4
 Borgnjor's Vile Clutch   Necr/Erth      5%         N/A       87%         5
 Death Channel            Necr           1%         N/A       100%        6


Dungeon Overview and Level Annotations

Branches:
Dungeon (2/15)

Altars:

Shops:
D:1 (!

Annotations:
D:2 Natasha


Innate Abilities, Weirdness & Mutations

You are immune to sickness and miasma.
Your stone body is resilient. (AC +3)
You are immune to poison.
You resist negative energy. (rN+)
You are resistant to electric shocks. (rElec)
You are resistant to unholy torment.
You are immune to petrification.


Message History

Natasha moves out of view.
Natasha mumbles some strange words.
Found a stone staircase leading down.
Natasha casts a spell.
The blast of sand hits the cerulean imp.
The cerulean imp is moderately wounded.
A ribbon worm comes into view.
The cerulean imp closely misses you.
Natasha zaps a wand.
The puff of flame hits you! The cerulean imp closely misses you. x2
The blast of sand misses the cerulean imp.
The cerulean imp hits you but does no damage.
The cerulean imp closely misses you. Natasha claws you!
* * * LOW HITPOINT WARNING * * *
The cerulean imp hits you but does no damage.
Casting: Sandblast (safe; 2% risk of failure)
Confirm with . or Enter, or press ? or * to list all spells.
Aiming: Sandblast (safe; 2% risk of failure)
Press: ? - help, Shift-Dir - straight line, f/p - cerulean imp
Aim: a cerulean imp, wielding a +0 spear (lightly wounded, summoned, 73% to hit)
Okay, then.
The cerulean imp attacks as it pursues you!
The cerulean imp barely misses you. Natasha casts a spell at you.
You feel yourself slow down. The cerulean imp closely misses you.
Casting: Sandblast (safe; 2% risk of failure)
Confirm with . or Enter, or press ? or * to list all spells.
Aiming: Sandblast (safe; 2% risk of failure)
Press: ? - help, Shift-Dir - straight line, f - Natasha, p - cerulean imp
Aim: Natasha, carrying a wand of flame (77% to hit)
The blast of sand hits Natasha!
Natasha is almost dead.
The cerulean imp closely misses you.
The cerulean imp hits you but does no damage.
The cerulean imp hits you from afar with a +3 spear.
* * * LOW HITPOINT WARNING * * *
Natasha stares at you and mumbles some strange words.
You resist with some effort.
The cerulean imp hits you from afar with a +0 spear.
You die...

#...##
#>..######....
#.#..# #...# ####.
#....# #### ##.###
#. .. ####.# #..
..... #÷
....####.# #.#
#.... #.
.........####.#
#..># ##
.##.##........#
....#
#.#####..##5...###
#. #..@hw...... #.
#.......5.....# #.
#.##.######.### #.
# #.# # #. ..#
.... .###. ..


You could see a ribbon worm, Natasha and 2 cerulean imps.

Vanquished Creatures
  Natasha (D:2)
  A gnoll (D:1)
  An adder (D:2)
  3 ball pythons
  3 bats
  3 endoplasms (D:2)
  A giant cockroach (D:1)
  2 goblins (D:2)
  7 jackals
  2 quokkas (D:2)
  3 frilled lizards (D:1)
  3 kobolds (D:1)
  2 rats (D:1)
32 creatures vanquished.

Notes
Turn   | Place    | Note
-------+----------+-------------------------------------------
     0 | D:1      | CougarLife the Gargoyle Earth Elementalist began the quest
                  | for the Orb.
     0 | D:1      | Reached XP level 1. HP: 10/10 MP: 3/3
   115 | D:1      | Reached XP level 2. HP: 5/15 MP: 1/5
   377 | D:1      | Found Baxzixzy's Distillery.
   909 | D:1      | Reached skill level 4 in Earth Magic
   909 | D:1      | Reached XP level 3. HP: 16/19 MP: 2/6
   975 | D:1      | Found Ashripp's Weapon Shoppe.
  1586 | D:2      | Noticed Natasha
  1589 | D:2      | Killed Natasha
  1590 | D:2      | Reached XP level 4. HP: 24/24 MP: 5/8
  1663 | D:2      | Noticed Natasha
  1670 | D:2      | Slain by a cerulean imp

Illustrated notes

Levels and vault maps discovered:
D:1:      dpeg_arrival_solitude, layout_loops_corners, serial_shops, shop, shop
D:2:      layout_loops_cross, serial_shops, shop, uniq_natasha, uniq_robin

Skill      XL: |  1  2 |
---------------+-------+-----
Conjurations   | 2 |  2.6
Earth Magic    | 4 |  4.5
Dodging        | |  1.5
Stealth        | |  2.1
Spellcasting   | |  2.9

Action                     |  1- 3 |  4- 6 || total
---------------------------+-------+-------++-------
  Melee: Short sword       |    33 |       ||    33
   Cast: Sandblast         |    45 |     4 ||    49
 Armour: Robe              |    40 |     7 ||    47
  Dodge: Dodged            |    34 |     7 ||    41

Table legend: (Time is in decaauts)
 A = Elapsed time spent in this place.
 B = Non-inter-level travel time spent in this place.
 C = Inter-level travel time spent in this place.
 D = Time resting spent in this place.
 E = Time spent auto-exploring this place.
 F = Levels seen in this place.
 G = Mean time per level.
                   A        B        C        D        E       F      G
               +--------+--------+--------+--------+--------+-----+--------+
         Total |   1692 |   1633 |     59 |    280 |   1114 |   2 |  846.0 |
       Dungeon |   1692 |   1633 |     59 |    280 |   1114 |   2 |  846.0 |
               +--------+--------+--------+--------+--------+-----+--------+

Top non-repeatable levels by time:
     D:1: 1176 daAuts
     D:2: 516 daAuts
